Description

Double Cyclone Marine Liberator Contain that stays until it is either broken or the you win the game

VOD

https://www.youtube.com/watch?v=b1AFEfWmMDk

Build Order

Get SALT Encoding   

  14  0:18  Supply Depot  
  14  0:25  Refinery  
  15  0:42  Barracks  
  20  1:30  Factory  
  20  1:32  Marine  
  20  1:38  Orbital Command  
  20  1:41  Supply Depot  
  20  1:44  Refinery  
  21  1:57  Marine  
  22  2:11  Barracks Reactor  
  23  2:14  Factory Tech Lab  
  23  2:20  Starport  
  24  2:33  Supply Depot  
  24  2:39  Cyclone  
  28  2:48  Marine x2 Continue double marine production  
  30  2:58  Starport Reactor  
  30  3:10  Cyclone  
  37  3:24  Medivac Push out as soon as medivac finishes  
  39  3:46  Barracks As soon as second cyclone finishes lift factory and build Rax on barren tech lab  
  41  3:54  Factory Reactor  
  41  4:01  Command Center  
  41  4:18  Liberator  
  47  4:33  Stimpack Start @100 Rax  
Spawning Tool Build Advisor. Get it on Overwolf

Analysis

Although this build is a cheese it does not require game ending damage to be done but some damage must be done in order to make the build work

Go to:

Details

  • Created by: TheRedDevin  
  • Published on: Dec 14, 2016
  • Modified on: Dec 16, 2016
  • Patch: 3.8.0
Show
View Real Time Build Order
Export as new Build Order

Comments (1)

On Dec. 15, 2016, 10:25 p.m., StoicLoofah  said:

One thing you note in the video is that you push out as soon as your 1st Medivac finishes. I think it would be helpful for other players if you note that in build order above!

Thanks for sharing this build! It's a fun way to be more aggressive early

Create an account to comment!